 Dungeon Crawl Stone Soup version 0.19-a0-1738-gbb2db12 (webtiles) character file.

1306 Naow the Cleaver (level 8, -3/64 HPs)
             Began as a Minotaur Berserker on Oct 1, 2016.
             Was a Priest of Trog.
             Slain by an orc warrior
             ... wielding a +2 scimitar of electrocution
              (19 damage)
             ... on level 7 of the Dungeon.
             The game lasted 00:09:25 (4437 turns).

Naow the Cleaver (Minotaur Berserker)               Turns: 4437, Time: 00:09:37

Health: -3/64      AC: 16    Str: 22    XL:     8   Next: 32%
Magic:  7/7        EV:  7    Int:  6    God:    Trog [***...]
Gold:   359        SH:  0    Dex: 10    Spells: 0 memorised, 7 levels left

rFire  . . .     SeeInvis .     a - +0 hand axe
rCold  . . .     Gourm    .     q - +0 plate armour (curse)
rNeg   . . .     Faith    .     (no shield)
rPois  .         Spirit   .     (helmet restricted)
rElec  .         Dismiss  +     C - +1 cloak
rCorr  .         Reflect  .     L - +1 pair of gloves
MR     ++...     Harm     .     e - +0 pair of boots
Stlth  ..........               t - amulet of dismissal
                                (no ring)
                                (no ring)

@: regenerating
A: retaliatory headbutt, horns 2
a: Berserk, Trog's Hand, Burn Spellbooks, Renounce Religion


You were on level 7 of the Dungeon.
You worshipped Trog.
Trog was most pleased with you.
You were not hungry.

You visited 1 branch of the dungeon, and saw 7 of its levels.

You collected 359 gold pieces.

Inventory:

Hand Weapons
 a - a +0 hand axe (weapon)
Armour
 b - a +0 animal skin
 e - a +0 pair of boots (worn)
 q - a cursed +0 plate armour (worn)
 C - a +1 cloak (worn)
 L - a +1 pair of gloves (worn)
Jewellery
 t - an amulet of dismissal (around neck)
 N - a +2 ring of evasion {unknown}
Wands
 A - a wand of paralysis (6/24)
 E - a wand of confusion (34/48)
 M - a wand of acid (4/15)
Scrolls
 d - 11 scrolls of identify {unknown}
 h - a scroll of fog {unknown}
 j - 5 scrolls of remove curse {unknown}
 m - 2 scrolls of enchant weapon {unknown}
 s - a scroll of magic mapping {unknown}
 u - a scroll of noise {unknown}
 w - a scroll of amnesia {unknown}
 y - 2 scrolls of enchant armour {unknown}
 D - a scroll of fear {unknown}
 F - 3 scrolls of recharging {unknown}
 K - a scroll of blinking {unknown}
Potions
 f - a potion of beneficial mutation {unknown}
 k - 3 potions of degeneration {unknown}
 n - 3 potions of might {unknown}
 o - 3 potions of curing
 p - 2 potions of brilliance {unknown}
 r - 2 potions of cure mutation {unknown}
 x - a potion of agility
 z - 2 potions of berserk rage {unknown}
 B - a potion of magic {unknown}
 G - 2 potions of lignification {unknown}
 H - 2 potions of haste {unknown}
Comestibles
 c - 6 bread rations
 g - a slice of pizza
 i - 2 beef jerkies
 l - 4 meat rations
 v - 9 fruits
 I - 6 chunks of flesh
 J - a royal jelly


   Skills:
 - Level 3.6 Fighting
 + Level 12.3 Axes
 - Level 2.4 Armour
 - Level 2.1 Dodging
 - Level 0.1 Stealth


You had 7 spell levels left.
You didn't know any spells.

Dungeon Overview and Level Annotations

Branches:
Dungeon (7/15)
 Temple: D:4-7

Altars:
Dithmenos
Kikubaaqudgha
Trog
Uskayaw
Vehumet
Zin

Shops:
D:5 *


Innate Abilities, Weirdness & Mutations

You reflexively headbutt those who attack you in melee.
You have a pair of horns on your head.


Message History

You feel somewhat more hungry.
The orc priest calls down the wrath of Beogh upon you.
Beogh smites you!
You hit the orc priest.
The orc priest is severely wounded.
You slash the orc priest!
You kill the orc priest!
Trog accepts your kill.
You miss the orc wizard.
The orc priest invokes the aid of Beogh against you.
Beogh smites you!
Your amulet of dismissal vibrates suddenly!
The orc priest disappears!
The orc barely misses you.
The orc wizard hits you but does no damage.
The orc warrior hits you with a scimitar of electrocution!
* * * LOW HITPOINT WARNING * * *
Your amulet of dismissal vibrates suddenly!
You are electrocuted!
You die...

.# # .# o#.#.#
#ยง.#.# #o.#.#
#oo#.# #oo#.#
#@##>######
#.o.......#
#....####.########
#..##..............
#...##.#########..).
#.##.##.#
#.......... #.#
#.##...#.#########
## #.####.#.# #
##.####.#.# #


You could see 2 orc warriors, an orc wizard and 4 orcs.

Vanquished Creatures
  Edmund (D:6)
  An orc warrior (D:6)
  2 ogres (D:6)
  A phantom (D:5)
  2 bullfrogs
  A scorpion (D:7)
  2 crimson imps (D:5)
  A centaur zombie (D:5)
  Crazy Yiuf (D:4)
  2 hounds
  A jelly (D:5)
  5 orc wizards
  2 orc priests
  3 worker ants
  A killer bee zombie (D:6)
  A hound skeleton (D:4)
  7 adders
  2 shadow imps (D:5)
  An adder skeleton (D:4)
  3 worms
  2 dart slugs
  A leopard gecko (D:5)
  7 orcs
  4 bats
  3 giant cockroaches
  4 goblins
  4 hobgoblins
  9 jackals
  6 kobolds
  3 quokkas
  4 frilled lizards (D:3)
  A jackal skeleton (D:5)
  A leopard gecko skeleton (D:4)
  5 rats
94 creatures vanquished.

Notes
Turn   | Place    | Note
-------+----------+-------------------------------------------
     0 | D:1      | Naow the Minotaur Berserker began the quest for the Orb.
     0 | D:1      | Reached XP level 1. HP: 19/19 MP: 0/0
   135 | D:1      | Reached skill level 4 in Axes
   519 | D:2      | Reached XP level 2. HP: 26/26 MP: 1/1
   867 | D:2      | Reached skill level 5 in Axes
   975 | D:2      | Reached XP level 3. HP: 31/31 MP: 2/2
  1535 | D:3      | Noticed a moth of wrath
  1538 | D:3      | Found a bloodstained altar of Trog.
  1707 | D:3      | Reached ** piety under Trog
  1789 | D:3      | Found an ancient bone altar of Kikubaaqudgha.
  1800 | D:3      | Reached XP level 4. HP: 21/39 MP: 3/3
  1889 | D:3      | Found a glowing silver altar of Zin.
  2139 | D:4      | Reached skill level 6 in Axes
  2296 | D:4      | Reached skill level 7 in Axes
  2296 | D:4      | Reached XP level 5. HP: 45/45 MP: 4/4
  2436 | D:4      | Found a runed door.
  2564 | D:4      | Noticed Crazy Yiuf
  2573 | D:4      | Killed Crazy Yiuf
  2781 | D:4      | Reached skill level 8 in Axes
  2781 | D:4      | Reached XP level 6. HP: 34/51 MP: 5/5
  2916 | D:5      | Entered Level 5 of the Dungeon
  3203 | D:5      | Reached skill level 9 in Axes
  3239 | D:5      | Found Wetufa's General Store.
  3323 | D:5      | Found a shadowy altar of Dithmenos.
  3375 | D:5      | Reached XP level 7. HP: 37/57 MP: 6/6
  3686 | D:6      | Reached skill level 10 in Axes
  3702 | D:6      | Noticed Edmund
  3740 | D:6      | Killed Edmund
  3896 | D:6      | Reached *** piety under Trog
  3896 | D:6      | Reached skill level 11 in Axes
  3943 | D:6      | Found a hide-covered altar of Uskayaw.
  4043 | D:6      | Reached XP level 8. HP: 54/64 MP: 7/7
  4281 | D:7      | Found a radiant altar of Vehumet.
  4284 | D:7      | Reached skill level 12 in Axes
  4437 | D:7      | Slain by an orc warrior

Vault maps used:
D:1:      elethiomel_arrival_shortcut, kennysheep_nondescript,
          serial_bayou_ford_a
D:2:      first_bread
D:3:      overflow_temple_1_default, kiku_gazebo_garden_becter, tgw_trog
D:4:      uniq_crazy_yiuf_cottage
D:5:      nicolae_dithmenos_the_darkroom, serial_shops, shop
D:6:      lemuel_round_altar, minmay_door_square, uniq_edmund
D:7:      marbit_many_paths, nicolae_ru_awakened_eye

Skill      XL: |  1  2  3  4  5  6  7  8 |
---------------+-------------------------+-----
Axes           | 4 5 7 8 9 11 12 | 12.3
Fighting       | |  3.6
Armour         | |  2.4
Dodging        | |  2.1
Stealth        | |  0.1

Action                   |  1- 3 |  4- 6 |  7- 9 || total
-------------------------+-------+-------+-------++-------
Melee: Hand axe          |    93 |   148 |   133 ||   374
       Headbutt          |    11 |    23 |    28 ||    62
Invok: Trog's Hand       |       |       |     2 ||     2
 Stab: Sleeping          |     1 |       |       ||     1
  Eat: Chunk             |     3 |     5 |     4 ||    12
Armor: Animal skin       |     8 |       |       ||     8
       Plate armour      |    64 |   101 |    75 ||   240
Dodge: Dodged            |    44 |    43 |    38 ||   125
